 Dungeon Crawl Stone Soup version 0.31.0-32-g396128a36d (webtiles) character file.

Game seed: 16966788476926764507

13215 PaiMei the Artisan of Death (level 11, -1/89 HPs)
             Began as a Demonspawn Necromancer on Apr 17, 2024.
             Was a Priest of Kikubaaqudgha.
             Slain by a troll (15 damage)
             ... on level 11 of the Dungeon.
             The game lasted 00:28:49 (17376 turns).

PaiMei the Artisan of Death (DsNe)                 Turns: 17376, Time: 00:28:50

Health: -1/89      AC:  3    Str:  9    XL:     11   Next: 72%
Magic:  3/24       EV: 16    Int: 19    God:    Kikubaaqudgha [***...]
Gold:   682        SH:  5    Dex: 16    Spells: 3/28 levels left

rFire   . . .        T - +4 scimitar (flame)
rCold   . . .        (no shield)
rNeg    . . .        a - +0 troll leather armour
rPois   .            r - +0 helmet
rElec   .            C - +0 cloak
rCorr   .            m - +0 pair of gloves
SInv    .            N - +0 pair of boots
Will    .....        s - amulet of reflection
Stlth   +++          c - +4 ring of protection
HPRegen 1.14/turn    (no ring)
MPRegen 0.19/turn

%: reflection
@: corroded
A: thin skeletal structure 1, foul stench 1, powered by death 1, demonic touch 1
a: Renounce Religion, Unearth Wretches


You were on level 11 of the Dungeon.
You worshipped Kikubaaqudgha.
Kikubaaqudgha was most pleased with you.
You visited 3 branches of the dungeon, and saw 13 of its levels.
You also visited: Sewer.

You collected 772 gold pieces.
You spent 90 gold pieces at shops.

Inventory:

Hand Weapons
 I - a +1 long sword of protection
 M - a +2 hand axe of freezing
 P - a +2 heavy spear
 S - a +1 demon whip of venom
 T - a +4 scimitar of flaming (weapon)
Missiles
 d - 3 atropa-tipped darts (quivered)
 g - a throwing net
 l - 29 poisoned darts
 Q - 2 curare-tipped darts
Armour
 a - a +0 troll leather armour (worn)
 m - a +0 pair of gloves (worn)
 r - a +0 helmet (worn)
 C - a +0 cloak (worn)
 L - a scarf of invisibility
 N - a +0 pair of boots (worn)
 O - the +0 robe of Ozomiun {Dex+4}
   (You found it on level 7 of the Dungeon)

   Dex+4:     It affects your dexterity (+4).
Jewellery
 c - a +4 ring of protection (left hand)
 s - an amulet of reflection (around neck)
 J - a ring of resist corrosion
Wands
 v - a wand of roots (10)
 D - a wand of charming (31)
 R - a wand of polymorph (6)
Scrolls
 f - 3 scrolls of noise
 h - 9 scrolls of teleportation
 i - a scroll of vulnerability {unknown}
 n - a scroll of poison {unknown}
 q - a scroll of silence {unknown}
 t - 2 scrolls of enchant armour {unknown}
 u - 2 scrolls of amnesia {unknown}
 y - 3 scrolls of blinking
 E - a scroll of brand weapon {unknown}
 F - 3 scrolls of fog {unknown}
 H - a scroll of enchant weapon {unknown}
 K - a scroll of fear
 U - a scroll of identify
 W - a scroll of immolation {unknown}
Potions
 b - 3 potions of magic
 e - a potion of degeneration {unknown}
 j - a potion of heal wounds {unknown}
 k - 5 potions of curing
 o - 2 potions of attraction
 p - a potion of berserk rage {unknown}
 w - 3 potions of lignification
 z - a potion of ambrosia {unknown}
 A - 2 potions of haste
 B - 2 potions of enlightenment {unknown}
 G - 2 potions of resistance
 V - a potion of might {unknown}
Miscellaneous
 x - a lightning rod (4/4)


   Skills:
 + Level 9.4 Fighting
 + Level 9.0 Dodging
 - Level 2.0 Stealth
 + Level 9.0 Spellcasting
 + Level 11.4 Necromancy


You had 3 spell levels left.
You knew the following spells:

 Your Spells              Type           Power      Damage    Failure   Level
a - Necrotise             Necr           100%       1d9       1%          1
b - Vampiric Draining     Necr           51%        2d9       1%          3
c - Animate Dead          Necr           51%        N/A       1%          4
d - Curse of Agony        Necr           51%        N/A       3%          5
e - Dispel Undead         Necr           51%        3d19      1%          4
f - Anguish               Hex/Necr       15%        N/A       11%         4
g - Martyr's Knell        Necr/Summ      30%        N/A       11%         4

Your spell library contained the following spells:

 Spells                   Type           Power      Damage    Failure   Level
 Kiss of Death            Conj/Necr      100%       2d13      1%          1
 Sublimation of Blood     Necr           51%        N/A       1%          2
 Fugue of the Fallen      Necr           51%        N/A       1%          3
 Cigotuvi's Dreadful Rot  Necr/Alch/Air  46%        N/A       3%          2
 Call Imp                 Summ           16%        N/A       17%         2
 Mercury Vapours          Alch/Air       16%        N/A       17%         2
 Mephitic Cloud           Conj/Alch/Air  8%         N/A       34%         3
 Summon Ice Beast         Ice/Summ       8%         N/A       34%         3
 Volatile Blastmotes      Fire/Tloc      16%        2d11      34%         3
 Death Channel            Necr           25%        N/A       16%         6
 Fulminant Prism          Conj/Alch      4%         3d5       75%         4
 Ignite Poison            Fire/Alch      8%         N/A       75%         4
 Iskenderun's Mystic Bla  Conj/Tloc      8%         2d4       75%         4
 Freezing Cloud           Conj/Ice/Air   4%         6-21      97%         5
 Summon Mana Viper        Hex/Summ       8%         N/A       97%         5
 Monstrous Menagerie      Summ           4%         N/A       100%        7
 Summon Hydra             Summ           4%         N/A       100%        7


Dungeon Overview and Level Annotations

Branches:
Dungeon (11/15)            Temple (1/1) D:6            Lair (0/5) D:10
    Orc (1/2) D:10          Sewer (visited)

Altars:
Ashenzari
Cheibriados
Dithmenos
Fedhas
Gozag
Hepliaklqana
Kikubaaqudgha
Makhleb
Nemelex Xobeh
Okawaru
Qazlal
Ru
Sif Muna
Trog
Uskayaw
Vehumet
Wu Jian
Xom
Yredelemnul

Shops:
D:6 ?   D:11 *(=

Annotations:
D:9 4 transporters
Temple 2 transporters


Innate Abilities, Weirdness & Mutations

You have a somewhat thin skeletal structure. (Dex +2, Stealth+)
You may rarely emit foul miasma when damaged in melee.
You regenerate a little health from kills.
Your touch may inflict minor irresistible damage on your foes.


Message History

You draw life force from the brown ugly thing.
You feel life coursing into your body.
The brown ugly thing is engulfed in dark miasma.
The brown ugly thing looks even sicker.
The brown ugly thing seems to slow down.
The brown ugly thing headbutts you. The acid corrodes you!
You are splashed with acid!
Casting: Vampiric Draining (safe; 1% risk of failure)
Confirm with . or Enter, or press ? or * to list all spells.
Aiming: Vampiric Draining (safe; 1% risk of failure)
Press: ? - help, Shift-Dir - straight line, f/p - brown ugly thing
Aim: a brown ugly thing (foul pestilence, moderately wounded, very poisoned, slow, cursed with the promise of agony)
You draw life force from the brown ugly thing!
You feel life coursing into your body.
The brown ugly thing is no longer moving slowly.
Casting: Vampiric Draining (safe; 1% risk of failure)
Confirm with . or Enter, or press ? or * to list all spells.
You don't have enough magic to cast this spell.
You hit the brown ugly thing. You burn the brown ugly thing.
The brown ugly thing convulses!
The brown ugly thing is severely wounded.
The brown ugly thing is engulfed in dark miasma.
The brown ugly thing looks even sicker.
The brown ugly thing completely misses you.
The brown ugly thing is engulfed in dark miasma.
The brown ugly thing looks as sick as possible!
The brown ugly thing closely misses you.
You closely miss the brown ugly thing.
You touch the brown ugly thing!
The brown ugly thing is almost dead.
You kill the brown ugly thing!
Kikubaaqudgha accepts your kill.
The gargoyle hurls a stone arrow at you.
The stone arrow hits you!
Your Dodging skill increases to level 9!
The gargoyle hurls a stone arrow at you.
The stone arrow hits you!!
* * * LOW HITPOINT WARNING * * *
The troll bites you!
You die...
Kikubaaqudgha rasps: "You have failed me!
Welcome... death!"

R○. ### ♣♣♣♣D♣♣♣♣
♣.♣♣#..... ♣..OC{..♣
♣♣.♣#.... ..♣♣♣♣)♣♣♣♣..♣
♣♣.♣♣#...# ♣..$......♣
♣.♣♣♣#...# ######'#####
#♣..(♣#...# ....#...# ♣.♣
#.###(#...# ♣♣♣.♣...♣♣
♣.♣♣.#.#)#...### ♣
♣.'<8>'9♣♣♣).9@.#.......#
♣♣♣.♣...♣♣9♣.♣♣T#.#.#†....#
....#...#♣♣.♣♣#.###.#.)...#
######+## ### #♣...♣#.....#
♣.♣♣♣#.....# ♣♣.
#.<...##### ♣. #.........#
♣♣#.........#
#######.........#


You could see a troll and a gargoyle.

Vanquished Creatures
  Erica (D:10)
  A boulder beetle (D:11)
  2 two-headed ogres
  Amaemon (D:8)
  A cyclops (D:11)
  2 ugly things (D:11)
  A meliai (shapeshifter) (D:11)
  An orange demon (D:8)
  Maggie (D:7)
  A kobold demonologist (D:9)
  3 trolls
  Grinder (D:6)
  A hornet (D:11)
  Prince Ribbit (D:8)
  Sigmund (D:3)
  A vampire (D:11)
  A shadow (D:11)
  A wraith (D:11)
  A wyvern (D:8)
  A yak (D:11)
  4 vampire mosquitoes (D:11)
  A steam dragon (D:9)
  An acid dragon (D:7)
  4 orc warriors
  2 sky beasts (D:7)
  An ice beast (D:7)
  2 black bears (D:6)
  A phantom (D:5)
  2 ogres
  A centaur (D:11)
  4 kobold brigands
  2 gnoll sergeants
  6 bullfrogs
  2 scorpions
  5 wights (D:9)
  10 killer bees (D:9)
  6 howler monkeys
  3 electric eels (D:10)
  7 orc priests
  2 bombardier beetles
  5 hounds
  A sleepcap (D:6)
  Terence (D:3)
  6 iguanas
  11 orc wizards
  9 adders
  6 gnolls
  A shadow imp (D:6)
  4 ufetubi
  2 ribbon worms
  8 dart slugs
  46 orcs
  11 ball pythons
  2 endoplasms
  12 giant cockroaches
  11 goblins
  4 hobgoblins
  2 jackals (D:3)
  6 quokkas
  4 bats
  10 frilled lizards
  36 kobolds
  2 rats (D:1)
290 creatures vanquished.

Vanquished Creatures (collateral kills)
  An efreet (D:11)
  A water moccasin (D:8)
  An orc warrior (D:11)
  2 orc wizards
  A gnoll (D:5)
  A white imp (D:8)
  6 orcs
  A goblin (D:1)
  2 ball pythons
  2 frilled lizards (Sewer)
  7 kobolds
25 creatures vanquished.

Vanquished Creatures (others)
  An ogre mage (D:11)
  A two-headed ogre zombie (D:11)
  A wyvern zombie (D:8)
  A cyclops zombie (D:11)
  A yak zombie (D:11)
  A bombardier beetle (D:5)
  A kobold zombie (D:9)
  A kobold (D:4)
8 creatures vanquished.

Grand Total: 323 creatures vanquished

Notes
Turn   | Place    | Note
-------+----------+-------------------------------------------
     0 | D:1      | PaiMei the Demonspawn Necromancer began the quest for the
                  | Orb.
     0 | D:1      | Reached XP level 1. HP: 13/13 MP: 3/3
    71 | D:1      | Gained mutation: You may rarely emit foul miasma when
                  | damaged in melee. [demonic ancestry]
    71 | D:1      | Reached XP level 2. HP: 19/19 MP: 0/5
   782 | D:2      | Reached XP level 3. HP: 25/25 MP: 0/6
   928 | D:2      | Reached skill level 1 in Fighting
  1645 | D:3      | Reached XP level 4. HP: 32/32 MP: 1/7
  1768 | D:3      | Noticed Sigmund
  1829 | D:3      | Noticed an ogre
  1988 | D:3      | Noticed Terence
  1990 | D:3      | Reached skill level 5 in Necromancy
  1998 | D:3      | Killed Terence
  2238 | D:3      | Killed an ogre
  2239 | D:3      | Gained mutation: You have a somewhat thin skeletal
                  | structure. (Dex +2, Stealth+) [demonic ancestry]
  2239 | D:3      | Reached XP level 5. HP: 22/38 MP: 1/9
  2243 | D:3      | Learned a level 3 spell: Vampiric Draining
  2248 | D:3      | Learned a level 4 spell: Animate Dead
  2313 | D:3      | Found an opulent altar of Gozag.
  2344 | D:3      | Found a faded altar of an unknown god.
  2433 | D:3      | Killed Sigmund
  2434 | D:3      | Reached XP level 6. HP: 3/46 MP: 0/11
  3137 | D:4      | Reached skill level 6 in Necromancy
  3140 | D:4      | Reached XP level 7. HP: 35/52 MP: 1/12
  3380 | D:4      | Found a glowing drain.
  3385 | Sewer    | Entered a sewer
  4178 | D:4      | You fall into a shaft and drop 2 floors!
  4198 | D:5      | Entered Level 5 of the Dungeon
  5216 | D:5      | Reached XP level 8. HP: 60/60 MP: 8/14
  5639 | D:5      | Found a shimmering altar of Xom.
  5812 | D:5      | Reached skill level 7 in Necromancy
  6194 | D:6      | Reached skill level 5 in Spellcasting
  6324 | D:6      | Noticed Grinder
  6907 | D:6      | Found a staircase to the Ecumenical Temple.
  6923 | Temple   | Found a transporter.
  6923 | Temple   | Found a transporter.
  6923 | Temple   | Found a transporter.
  6923 | Temple   | Found a transporter.
  6923 | Temple   | Entered the Ecumenical Temple
  6940 | Temple   | Became a worshipper of Kikubaaqudgha
  7203 | D:6      | Reached skill level 5 in Dodging
  7252 | D:6      | Reached skill level 5 in Fighting
  7652 | D:6      | Paralysed by Grinder for 3 turns
  7949 | D:6      | Paralysed by Grinder for 2 turns
  7969 | D:6      | Paralysed by Grinder for 4 turns
  7972 | D:6      | Killed Grinder
  7973 | D:6      | Gained mutation: Your touch may inflict minor irresistible
                  | damage on your foes. [demonic ancestry]
  7973 | D:6      | Reached XP level 9. HP: 44/68 MP: 17/17
  8137 | D:6      | Found The Oracle's Delphic Readings.
  8143 | D:6      | Bought a scroll of fear for 60 gold pieces
  8143 | D:6      | Bought a scroll of identify for 30 gold pieces
  8344 | D:7      | Learned a level 5 spell: Curse of Agony
  8399 | D:7      | Reached skill level 8 in Necromancy
  8503 | D:7      | Identified the +0 robe of Ozomiun {Dex+4}
  8664 | D:7      | Noticed Maggie
  8696 | D:7      | Killed Maggie
  9081 | D:7      | Reached * piety under Kikubaaqudgha
  9081 | D:7      | Received a gift from Kikubaaqudgha
  9463 | D:7      | Found a hide-covered altar of Uskayaw.
  9463 | D:7      | Found a broken altar of Ashenzari.
  9463 | D:7      | Found a shadowy altar of Dithmenos.
  9570 | D:7      | Found a sparkling altar of Nemelex Xobeh.
 10107 | D:8      | Noticed a troll
 10116 | D:7      | Killed a troll
 10795 | D:8      | Found a bloodstained altar of Trog.
 10802 | D:8      | Reached skill level 9 in Necromancy
 11000 | D:8      | Noticed Prince Ribbit
 11010 | D:8      | Killed Prince Ribbit
 11011 | D:8      | Reached XP level 10. HP: 79/79 MP: 4/20
 11214 | D:8      | Noticed an orange demon
 11267 | D:8      | Noticed Amaemon
 11570 | D:8      | Killed Amaemon
 11664 | D:8      | Killed an orange demon
 12233 | D:9      | Reached ** piety under Kikubaaqudgha
 12369 | D:9      | Found a transporter.
 12506 | D:9      | Found a transporter.
 12664 | D:9      | Found a transporter.
 12885 | D:9      | Found a transporter.
 12972 | D:9      | Found a sacrificial altar of Ru.
 13309 | D:9      | Reached skill level 10 in Necromancy
 13410 | D:10     | Entered Level 10 of the Dungeon
 14197 | D:10     | Reached *** piety under Kikubaaqudgha
 14197 | D:10     | Received a gift from Kikubaaqudgha
 14482 | D:10     | Noticed Erica
 14735 | D:10     | Noticed a two-headed ogre
 14754 | D:10     | Killed a two-headed ogre
 14833 | D:10     | Found a staircase to the Lair.
 14858 | D:10     | Killed Erica
 14859 | D:10     | Gained mutation: You regenerate a little health from kills.
                  | [demonic ancestry]
 14859 | D:10     | Reached XP level 11. HP: 42/87 MP: 9/23
 15156 | D:10     | Found a staircase to the Orcish Mines.
 15561 | D:10     | Learned a level 4 spell: Dispel Undead
 15566 | D:10     | Learned a level 4 spell: Anguish
 15571 | D:10     | Learned a level 4 spell: Martyr's Knell
 15832 | D:11     | Noticed a boulder beetle
 16098 | D:11     | Killed a boulder beetle
 16296 | D:11     | Found Wuomu's Jewellery Shoppe.
 16300 | D:11     | Found Wofa's Assorted Antiques.
 16300 | D:11     | Found Qubbin's Weapon Shoppe.
 16440 | D:11     | Noticed a two-headed ogre
 16442 | D:11     | Noticed an orc knight
 16449 | D:11     | HP: 3/87 [two-headed ogre/+0 giant spiked club (7)]
 16535 | D:11     | Killed a two-headed ogre
 16668 | D:11     | Noticed a two-headed ogre
 16669 | D:11     | Noticed a centaur warrior
 16670 | D:11     | Reached skill level 11 in Necromancy
 16674 | D:11     | Noticed a six-headed hydra
 16675 | D:11     | Noticed a tengu warrior
 16846 | Orc:1    | Entered Level 1 of the Orcish Mines
 17018 | D:11     | Noticed a cyan ugly thing
 17323 | D:11     | Killed a cyan ugly thing
 17352 | D:11     | Noticed an ogre mage
 17356 | D:11     | Killed an ogre mage
 17361 | D:11     | Noticed a brown ugly thing
 17375 | D:11     | Killed a brown ugly thing
 17376 | D:11     | Slain by a troll

Illustrated notes

Levels and vault maps discovered:
D:1:      minmay_arrival_semitransparent, layout_rooms
D:2:      layout_loops_cross, kennysheep_cluttered_room
D:3:      layout_rooms, grunt_temple_overflow_gold_and_silver,
          shapermc_ecumenical_altar_ellora, uniq_sigmund, uniq_terence
D:4:      kennysheep_kobold_camp, layout_loops_ring, portal_sewer_entry_e
D:5:      layout_basic, chequers_temple_overflow_statue_of_worship
D:6:      layout_loops_ring, minmay_temple_entry_mini_moons, grunt_ministairs_1,
          corexii_hall_statues_l, nicolae_nh_oracle_at_delphi, uniq_grinder
D:7:      layout_loops_ring, minitemple, uniq_maggie
D:8:      layout_rooms, bloody_trog, uniq_prince_ribbit1, uniq_amaemon
D:9:      layout_basic, mainiacjoe_overflow_24_doors, nicolae_transporter_circle
D:10:     layout_basic, dpeg_oklobed_lair, nicolae_straight_to_the_point,
          uniq_erica
D:11:     nzn_winding_woodlands_stair_cross [nzn_winding_woodlands_5x15_pool,
          nzn_winding_woodlands_center_triple_pond,
          nzn_winding_woodlands_5x15_pockets,
          nzn_winding_woodlands_5x5_perimeter,
          nzn_winding_woodlands_5x5_closed_star, nzn_winding_woodlands_5x15_eye,
          nzn_winding_woodlands_center_pierced_h,
          nzn_winding_woodlands_5x15_cabin], layout_irregular_city,
          nicolae_shop_distant_corner_stores
Temple:   hellmonk_temple_divided_pantheon
Orc:1:    layout_caves

Skill      XL: |  1  2  3  4  5  6  7  8  9 10 11 |
---------------+----------------------------------+-----
Stealth        | 2 |  2.0
Dodging        | 2 3 4 5 6 8 9 |  9.0
Fighting       | 1 2 3 4 5 7 8 9 |  9.4
Necromancy     | 5 6 7 9 10 11 | 11.4
Spellcasting   | 3 4 5 6 8 9 |  9.0

Action                     |  1- 3 |  4- 6 |  7- 9 | 10-12 || total
---------------------------+-------+-------+-------+-------++-------
  Melee: Unarmed           |     5 |       |       |       ||     5
         Long sword        |       |    14 |       |       ||    14
         Dagger            |       |    13 |   115 |     5 ||   133
         Short sword       |       |       |   226 |       ||   226
         Punch             |       |       |     7 |     2 ||     9
         Touch             |       |       |    15 |    29 ||    44
         Spear             |       |       |       |    86 ||    86
         Demon whip        |       |       |       |    54 ||    54
         Scimitar          |       |       |       |    30 ||    30
   Cast: Necrotise         |    60 |    57 |   137 |    40 ||   294
         Vampiric Draining |       |     5 |    89 |    81 ||   175
         Animate Dead      |       |       |     1 |     4 ||     5
         Curse of Agony    |       |       |       |    13 ||    13
         Dispel Undead     |       |       |       |    10 ||    10
    Use: Scroll            |       |       |       |     8 ||     8
 Armour: Robe              |     5 |    34 |   263 |       ||   302
         Troll leather arm |       |       |    31 |   245 ||   276
  Dodge: Dodged            |     7 |    34 |   334 |   232 ||   607
  Block: Other             |       |       |    99 |    74 ||   173
         Reflection        |       |       |     2 |     3 ||     5
